 Dungeon Crawl Stone Soup version 0.29-a0-664-gff9cad4a3d (webtiles) character file.

Game seed: 12599435357546788809

163 buhh the Bolt Thrower (level 5, -4/38 HPs)
             Began as a Formicid Hunter on June 22, 2022.
             Slain by a steam dragon (5 damage)
             ... on level 7 of the Dungeon.
             The game lasted 00:05:39 (3651 turns).

buhh the Bolt Thrower (Formicid Hunter)             Turns: 3651, Time: 00:05:39

Health: -4/38      AC:  2    Str: 15    XL:     5   Next: 73%
Magic:  0/5        EV: 12    Int:  9    God:
Gold:   220        SH:  0    Dex: 19    Spells: 4/4 levels left

rFire   . . .      SeeInvis +   a - +1 hand crossbow
rCold   . . .      Faith    .   (no shield)
rNeg    . . .      Spirit   +   b - +1 leather armour
rPois   .          Reflect  .   (helmet unavailable)
rElec   .          Harm     .   (no cloak)
rCorr   .          Rampage  .   (no gloves)
Will    .....      Clarity  +   (no boots)
Stlth   ++........              n - amulet of guardian spirit
HPRegen 0.12/turn               (no ring)
MPRegen 0.09/turn               (no ring)

@: flying
A: permanent stasis, dig shafts and tunnels, antennae 3, four strong arms,
clarity, deformed body
a: Dig, Shaft Self


You were on level 7 of the Dungeon.
You visited 1 branch of the dungeon, and saw 8 of its levels.

You collected 220 gold pieces.

Inventory:

Hand Weapons
 a - a +1 hand crossbow (weapon)
Missiles
 i - 4 curare-tipped darts
Armour
 b - a +1 leather armour (worn)
Magical Staves
 e - a staff of death
 l - a staff of earth
Jewellery
 n - an amulet of guardian spirit (around neck)
Scrolls
 f - 8 scrolls of identify {unknown}
 t - 3 scrolls of teleportation {!d}
Potions
 g - a potion of attraction {unknown}
 h - a potion of haste {unknown}
 m - a potion of cancellation {unknown}
 o - 6 potions of curing {unknown}
 q - a potion of lignification {unknown}
 U - a potion of mutation {!d}


   Skills:
 - Level 2.1 Fighting
 + Level 6.5 Crossbows
 - Level 1.7 Dodging
 - Level 1.2 Stealth


You had 4 spell levels left.
You didn't know any spells.
Your spell library contained the following spells:

 Spells                   Type           Power      Damage    Failure   Level
 Apportation              Tloc           0%         N/A       45%         1
 Beastly Appendage        Tmut           0%         N/A       45%         1
 Necrotize                Necr           0%         1d4       45%         1
 Summon Small Mammal      Summ           0%         N/A       45%         1
 Static Discharge         Conj/Air       0%         N/A       58%         2
 Wereblood                Tmut           0%         N/A       58%         2
 Ozocubu's Armour         Ice            0%         N/A       83%         3
 Spider Form              Tmut/Pois      0%         N/A       83%         3
 Lightning Bolt           Conj/Air       0%         1d11      100%        5
 Ozocubu's Refrigeration  Ice            0%         4d5       100%        7
 Maxwell's Capacitive Co  Air            0%         ∞         100%        8


Dungeon Overview and Level Annotations

Branches:
Dungeon (9/15) Zot: 26945
 Temple: D:4-7         Lair: D:8-11         Orc: D:9-12

Altars:
Cheibriados
Elyvilon
Fedhas
Trog

Shops:
D:2 !=

Annotations:
D:4 2 transporters, exclusion: scorpion, samgaumpmail's ghost, amateur TrHW
D:8 Amaemon


Innate Abilities, Weirdness & Mutations

You cannot be hasted, slowed, berserked, paralysed or teleported.
You can dig through walls and to a lower floor.
You have a pair of large antennae on your head. (SInv)
Your four strong arms can wield two-handed weapons with a shield.
You possess an exceptional clarity of mind.
Armour fits poorly on your strangely shaped body.


Message History

Amaemon casts a spell.
You climb upwards.
There is a stone staircase leading down here.
The steam dragon hisses angrily.
Shoot: a) +1 hand crossbow
Press: ? - help, Shift-Dir - straight line, f - steam dragon
Aim: a steam dragon (67% to hit)
As you read the scroll labelled XOACIA JIRRER, it crumbles to dust.
You feel a strange sense of stasis.
It was a scroll of teleportation.
t - 3 scrolls of teleportation The steam dragon breathes steam at you.
The ball of steam hits you!
As you read the scroll labelled ZYITOLOASS, it crumbles to dust.
It is a scroll of enchant armour.
Really abort (and waste the scroll)? [Y]es or [N]o only, please.
Really abort (and waste the scroll)? [Y]es or [N]o only, please.
Really abort (and waste the scroll)?
Your +0 leather armour glows green for a moment.
You are engulfed in a cloud of scalding steam.
Shoot: a) +1 hand crossbow
Press: ? - help, Q - select action, (/) - cycle Shift-Dir - straight line, f - steam dragon
Aim: a steam dragon (steam, catching its breath, 67% to hit)
You shoot a bolt.
The bolt hits the steam dragon but does no damage.
You are engulfed in a cloud of scalding steam.
The steam dragon bites you. The steam dragon closely misses you.
It was a potion of mutation.
You feel extremely strange.
Your thoughts seem clearer.
Your body twists and deforms.
U - a potion of mutation You are engulfed in a cloud of scalding steam.
* * * LOW HITPOINT WARNING * * *
The steam dragon closely misses you. The steam dragon claws you.
* * * LOW HITPOINT WARNING * * *
It was a potion of flight.
You feel very buoyant.
You fly up into the air.
The steam dragon bites you.
You die...

#.
...#
#. ...
#.##..
..#..
#.#.#
#...#
#..#
#.D#
##@# {
#§#
#.#
#.#
#..
...
###


You could see a steam dragon.

Vanquished Creatures
  A hound (D:4)
  A jelly (D:4)
  A gnoll (D:1)
  A worm (D:2)
  2 dart slugs
  4 orcs (D:8)
  8 endoplasms
  3 giant cockroaches
  4 goblins
  11 hobgoblins
  6 jackals (D:2)
  9 kobolds
  2 quokkas
  8 ball pythons
  3 bats (D:1)
  4 frilled lizards
  9 rats
77 creatures vanquished.

Notes
Turn   | Place    | Note
-------+----------+-------------------------------------------
     0 | D:1      | buhh the Formicid Hunter began the quest for the Orb.
     0 | D:1      | Reached XP level 1. HP: 16/16 MP: 1/1
    55 | D:1      | Reached XP level 2. HP: 22/22 MP: 2/2
   246 | D:1      | Reached XP level 3. HP: 27/27 MP: 3/3
   434 | D:1      | Reached skill level 5 in Crossbows
   487 | D:1      | Found a faded altar of an unknown god.
   834 | D:2      | Reached XP level 4. HP: 33/33 MP: 4/4
  1005 | D:2      | Found a blossoming altar of Fedhas.
  1346 | D:2      | Found Xeonakow's Jewellery Boutique.
  1531 | D:2      | Found Teggoc's Distillery.
  1743 | D:3      | Found a bloodstained altar of Trog.
  1900 | D:3      | Found a snail-covered altar of Cheibriados.
  1963 | D:3      | Found a white marble altar of Elyvilon.
  2519 | D:4      | Noticed a scorpion
  2627 | D:4      | Noticed a bullfrog
  2627 | D:4      | Noticed samgaumpmail's ghost (amateur TrHW)
  2628 | D:4      | Found a transporter.
  2648 | D:4      | Reached skill level 6 in Crossbows
  2648 | D:4      | Reached XP level 5. HP: 25/38 MP: 3/5
  2979 | D:4      | Found a transporter.
  3036 | D:4      | Found a blossoming altar of Fedhas.
  3040 | D:4      | Noticed a black bear
  3054 | D:4      | You fall into a shaft and drop 3 floors!
  3265 | D:6      | Noticed a sky beast
  3283 | D:6      | Noticed a sky beast
  3286 | D:6      | You fall into a shaft and drop 1 floor!
  3389 | D:7      | Noticed a steam dragon
  3389 | D:7      | Noticed a sky beast
  3391 | D:7      | Noticed a water moccasin
  3392 | D:7      | You fall into a shaft and drop 2 floors!
  3635 | D:8      | Noticed Amaemon
  3641 | D:8      | Noticed an orange demon
  3645 | D:7      | Noticed a steam dragon
  3650 | D:7      | Gained mutation: You possess an exceptional clarity of
                  | mind. [potion of mutation]
  3650 | D:7      | Gained mutation: Armour fits poorly on your strangely
                  | shaped body. [potion of mutation]
  3650 | D:7      | HP: 1/38 [steam dragon (4)]
  3651 | D:7      | Slain by a steam dragon

Illustrated notes

Levels and vault maps discovered:
D:1:      amcnicky_arrival_single_pillar, layout_rooms,
          chequers_ecumenical_altar_twisty, serial_forest,
          infiniplex_forest_lined_ring, infiniplex_forest_end_2,
          infiniplex_forest_join, infiniplex_forest_clump_long,
          minmay_tetromino_t4
D:2:      layout_loops_ring, basic_altar, serial_shops,
          nicolae_shop_hallway_stairs, shop, kennysheep_another_room
D:3:      layout_loops_ring, trog_book, elyvilon_altar_5,
          mainiacjoe_overflow_catwalk, kennysheep_pointless_box,
          dk_noncrumbling_3, minmay_misc_feat_chi, kennysheep_cross_room
D:4:      layout_layer_cave, fedhas_altar_1, gammafunk_ghost_arena
D:6:      layout_loops_corners, lightli_sewer_entry_pipes, uniq_blork_the_orc
D:7:      layout_basic, xom_shifter_show,
          mainiacjoe_overflow_concentric_impassable, minmay_starry_boxes,
          uniq_menkaure, uniq_joseph
D:8:      layout_loops_ring, kennysheep_vampire_church,
          grunt_lair_entry_orc_guard_hut, st_stairs_4, minivault_25,
          uniq_amaemon, uniq_maurice
D:9:      layout_rooms, lightli_temple_of_fire, minmay_protected_statue

Skill      XL: |  1  2  3  4 |
---------------+-------------+-----
Crossbows      | 5 6 |  6.5
Fighting       | |  2.1
Dodging        | |  1.7
Stealth        | |  1.2

Action                   |  1- 3 |  4- 6 || total
-------------------------+-------+-------++-------
 Fire: Hand crossbow     |    79 |   129 ||   208
 Abil: Dig               |     1 |       ||     1
       Shaft Self        |       |     3 ||     3
  Use: Scroll            |       |     5 ||     5
       Potion            |       |     2 ||     2
Armor: Leather armour    |    12 |    18 ||    30
Dodge: Dodged            |    13 |    47 ||    60

Table legend: (Time is in decaauts)
 A = Elapsed time spent in this place.
 B = Non-inter-level travel time spent in this place.
 C = Inter-level travel time spent in this place.
 D = Time resting spent in this place.
 E = Time spent auto-exploring this place.
 F = Levels seen in this place.
 G = Mean time per level.
                   A        B        C        D        E       F      G
               +--------+--------+--------+--------+--------+-----+--------+
         Total |   3704 |   3603 |    101 |    208 |   2909 |   8 |  463.0 |
       Dungeon |   3704 |   3603 |    101 |    208 |   2909 |   8 |  463.0 |
               +--------+--------+--------+--------+--------+-----+--------+

Top non-repeatable levels by time:
     D:2: 881 daAuts
     D:3: 876 daAuts
     D:1: 804 daAuts
     D:4: 543 daAuts
     D:7: 322 daAuts
     D:9: 207 daAuts
     D:8: 47 daAuts
     D:6: 21 daAuts
